 Dungeon Crawl Stone Soup version 0.28.0-53-g5a82cb258f (webtiles) character file.

Game seed: 17131944096621373584

223 Stomo the Skirmisher (level 5, -3/43 HPs)
             Began as a Demonspawn Monk on July 4, 2022.
             Slain by an iguana (9 damage)
             ... on level 4 of the Dungeon.
             The game lasted 00:02:58 (4327 turns).

Stomo the Skirmisher (Demonspawn Monk)              Turns: 4327, Time: 00:02:59

Health: -3/43      AC:  5    Str: 20    XL:     5   Next: 66%
Magic:  5/5        EV: 13    Int: 11    God:
Gold:   226        SH:  0    Dex: 15    Spells: 4/4 levels left

rFire   . . .      SeeInvis .   a - +0 mace
rCold   . . .      Faith    .   (no shield)
rNeg    . . .      Spirit   .   b - +0 robe
rPois   +          Reflect  .   (no helmet)
rElec   .          Harm     .   (no cloak)
rCorr   .          Rampage  .   (no gloves)
Will    .....                   q - +0 pair of boots
Stlth   ++........              (no amulet)
HPRegen 0.14/turn               c - ring of poison resistance
MPRegen 0.09/turn               l - +6 ring of strength

@: no status effects
A: molten scales 1, weakness stinger 2
a: no special abilities


You were on level 4 of the Dungeon.
You visited 1 branch of the dungeon, and saw 4 of its levels.

You collected 226 gold pieces.

Inventory:

Hand Weapons
 a - a +0 mace (weapon)
Armour
 b - a +0 robe (worn)
 q - a +0 pair of boots (worn)
Jewellery
 c - a ring of poison resistance (left hand)
 l - a +6 ring of strength (right hand)
Scrolls
 d - 3 scrolls of identify
 e - 2 scrolls of amnesia {unknown}
 f - a scroll of noise {unknown}
 h - 2 scrolls of magic mapping {unknown}
 i - 2 scrolls of fear {unknown}
 j - a scroll of blinking {unknown}
 m - a scroll of vulnerability {unknown}
 n - a scroll of teleportation {unknown}
 o - a scroll of enchant weapon {unknown}
Potions
 g - a potion of heal wounds
 k - 2 potions of flight
 p - a potion of haste {unknown}
 r - a potion of ambrosia {unknown}


   Skills:
 + Level 4.4 Fighting
 + Level 4.0 Maces & Flails
 + Level 4.0 Dodging
 - Level 1.7 Stealth


You had 4 spell levels left.
You didn't know any spells.
Your spell library was empty.

Dungeon Overview and Level Annotations

Branches:
Dungeon (4/15)
 Temple: D:4-7

Altars:

Shops:
D:2 *


Innate Abilities, Weirdness & Mutations

You are partially covered in molten scales. (AC +2)
You have a tail ending in a sharp stinger.


Message History

The dart slug launches a dart at you. The slug dart misses you.
A kobold comes into view. It is wielding a +0 whip.
The kobold shouts!
The iguana misses you.
You hit the iguana.
Your tail-slap misses the iguana.
The iguana is moderately wounded.
The iguana bites you.
You hit the iguana.
Your tail-slap misses the iguana.
The iguana is moderately wounded.
The iguana barely misses you. The kobold hits you with a +0 whip.
You closely miss the kobold. The iguana bites you.
The kobold closely misses you.
You hit the kobold but do no damage. The iguana bites you!
The kobold closely misses you.
You hit the kobold.
The kobold is moderately wounded.
The iguana bites you! The kobold closely misses you.
The iguana bites you but does no damage.
The kobold barely misses you.
You barely miss the kobold. You tail-slap the kobold.
You kill the kobold!
The iguana closely misses you.
Unknown command.
You see here a +0 whip.
You barely miss the iguana.
You tail-slap the iguana, but do no damage.
The iguana is moderately wounded.
The iguana barely misses you.
You hit the iguana but do no damage.
The iguana is moderately wounded.
The iguana bites you!
* * * LOW HITPOINT WARNING * * *
Unknown command.
As you read the scroll labelled QUACEGACUUDGH, it crumbles to dust.
It is a scroll of identify.
k - 2 potions of flight The iguana bites you!
You die...

####### ##.....#
##....... #........
#........ #........
################........
.......@lwZw............
############...#..w.w...
##..####....... ##..##
##.....# ##..## ####..#
####..## #... ## #.....#
#... ..##.....# #.?.
.........##########....


You could see a worm, an iguana, a dart slug and an adder skeleton.

Vanquished Creatures
  A scorpion (D:4)
  2 hound skeletons (D:4)
  3 gnolls
  6 adders
  An adder skeleton (D:4)
  A worm (D:3)
  4 dart slugs
  An orc (D:4)
  4 endoplasms
  3 giant cockroaches
  3 goblins
  4 hobgoblins
  2 quokkas (D:3)
  3 ball pythons
  2 bats
  3 frilled lizards
  7 kobolds
  3 rats
53 creatures vanquished.

Vanquished Creatures (others)
  3 plants (D:1)
3 creatures vanquished.

Grand Total: 56 creatures vanquished

Notes
Turn   | Place    | Note
-------+----------+-------------------------------------------
     0 | D:1      | Stomo the Demonspawn Monk began the quest for the Orb.
     0 | D:1      | Reached XP level 1. HP: 18/18 MP: 1/1
   361 | D:1      | Gained mutation: You are partially covered in molten
                  | scales. (AC +2) [demonic ancestry]
   361 | D:1      | Reached XP level 2. HP: 19/24 MP: 2/2
  1014 | D:2      | Found a faded altar of an unknown god.
  1737 | D:2      | Found Jimiss's General Store.
  1948 | D:3      | Reached XP level 3. HP: 29/29 MP: 3/3
  2650 | D:3      | Gained mutation: You have a small tail. [demonic ancestry]
  2650 | D:3      | Reached XP level 4. HP: 37/37 MP: 4/4
  3232 | D:4      | Noticed a scorpion
  3257 | D:4      | Killed a scorpion
  3258 | D:4      | Gained mutation: You have a tail ending in a sharp stinger.
                  | [demonic ancestry]
  3258 | D:4      | Reached XP level 5. HP: 31/42 MP: 5/5
  4327 | D:4      | Slain by an iguana

Illustrated notes

Levels and vault maps discovered:
D:1:      minmay_arrival_stone_box, layout_rooms, serial_forest,
          infiniplex_forest_lined_2, infiniplex_forest_lined_corner,
          infiniplex_forest_clump_double, infiniplex_forest_fountain,
          infiniplex_forest_lined_3, infiniplex_forest_zigzag_1,
          infiniplex_forest_zigzag_1, nrook_mini_vaults
D:2:      layout_loops_ring, shapermc_ecumenical_altar_acropolis, serial_shops,
          nicolae_shop_statue_plus, minmay_strange_pillars, minmay_crystal_room,
          minmay_hedge_maze, nicolae_figureground_sparkle
D:3:      layout_loops_corners, chequers_avenue
D:4:      layout_rooms, hangedman_decor_diamond_cutter, uniq_menkaure

Skill      XL: |  1  2  3  4  5 |
---------------+----------------+-----
Dodging        | 3 4 |  4.0
Maces & Flails | 3 4 |  4.0
Fighting       | 4 |  4.4
Stealth        | |  1.7

Action                   |  1- 3 |  4- 6 || total
-------------------------+-------+-------++-------
Melee: Mace              |   106 |    97 ||   203
       Tailslap          |       |     9 ||     9
  Use: Potion            |       |     1 ||     1
       Scroll            |       |     1 ||     1
 Stab: Sleeping          |    10 |     3 ||    13
Armor: Robe              |    16 |    21 ||    37
Dodge: Dodged            |    75 |    76 ||   151
